 Dungeon Crawl Stone Soup version 0.32-a0-42-ga30500b4d3 (webtiles) character file.

Game seed: 9693797659949260602

8898 seren the Skirmisher (level 11, 0/73 HPs)
             Began as a Kobold Hunter on Feb 3, 2024.
             Was a Priest of Fedhas.
             Slain by an unseen horror (2 damage)
             ... on level 10 of the Dungeon.
             The game lasted 00:41:15 (11042 turns).

seren the Skirmisher (Kobold Hunter)               Turns: 11042, Time: 00:41:15

Health: 0/73       AC: 10    Str:  9    XL:     11   Next: 64%
Magic:  15/15      EV: 23    Int: 10    God:    Fedhas [***...]
Gold:   391        SH:  0    Dex: 29    Spells: 10/10 levels left

rFire   . . .        a - +0 shortbow (drain)
rCold   . . .        (shield currently unavailable)
rNeg    . . .        c - +0 leather armour
rPois   .            f - +0 helmet
rElec   .            u - +0 cloak
rCorr   .            (no gloves)
SInv    .            (no boots)
Will    .....        e - amulet of regeneration
Stlth   +++++        d - +4 ring of protection
HPRegen 1.12/turn    A - +6 ring of dexterity
MPRegen 0.14/turn

%: no passive effects
@: studying Fighting
A: small, no large weapons, nightstalker 3
a: Renounce Religion, Wall of Briars, Grow Ballistomycete


You were on level 10 of the Dungeon.
You worshipped Fedhas.
Fedhas was most pleased with you.
You visited 2 branches of the dungeon, and saw 11 of its levels.

You collected 536 gold pieces.
You spent 145 gold pieces at shops.

Inventory:

Hand Weapons
 a - a +0 shortbow of draining (weapon)
 b - a +1 dagger of flaming
 z - a +2 antimagic scimitar
 D - the +5 dagger "Suoggeco" {chaos, rN++ rCorr}
   (You found it on level 8 of the Dungeon)

   rN++:      It greatly protects you from negative energy.
   rCorr:     It protects you from acid and corrosion.
 G - a +0 rapier
Missiles
 l - 3 throwing nets {!f}
 n - 23 poisoned darts
 C - 4 curare-tipped darts
Armour
 c - a +0 leather armour (worn)
 f - a +0 helmet (worn)
 h - a +0 scale mail
 u - a +0 cloak (worn)
Magical Staves
 x - a staff of cold
Jewellery
 d - a +4 ring of protection (left hand)
 e - an amulet of regeneration (around neck)
 q - a ring of resist corrosion
 v - a ring of flight
 A - a +6 ring of dexterity (right hand)
 J - an amulet of faith
Wands
 p - a wand of mindburst (21)
Scrolls
 g - a scroll of amnesia
 i - 3 scrolls of teleportation {!r}
 j - a scroll of enchant armour
 k - 2 scrolls of immolation
 o - 2 scrolls of butterflies
 s - 3 scrolls of fear {unknown}
 w - 2 scrolls of blinking {!r}
 y - a scroll of enchant weapon {unknown}
 F - a scroll of noise {unknown}
 H - a scroll of identify
 K - a scroll of poison {unknown}
Potions
 m - 2 potions of attraction
 r - 8 potions of curing
 t - a potion of cancellation
 B - 2 potions of mutation {unknown}
 E - a potion of haste {unknown}
 I - a potion of brilliance {unknown}


   Skills:
 + Level 10.7 Fighting
 - Level 6.0 Short Blades
 + Level 11.7 Ranged Weapons
 + Level 4.5 Armour
 + Level 9.0 Dodging
 - Level 6.0 Stealth
 + Level 5.8 Invocations
 + Level 5.9 Evocations


You had 10 spell levels left.
You didn't know any spells.
Your spell library contained the following spells:

 Spells                   Type           Power      Damage    Failure   Level
 Magic Dart               Conj           0%         1d3       45%         1
 Slow                     Hex            0%         N/A       45%         1
 Blink                    Tloc           0%         N/A       61%         2
 Call Imp                 Summ           0%         N/A       61%         2
 Confusing Touch          Hex            0%         N/A       83%         3
 Ozocubu's Armour         Ice            0%         N/A       83%         3
 Sigil of Binding         Hex            0%         N/A       83%         3
 Vampiric Draining        Necr           0%         2d6       83%         3
 Metabolic Englaciation   Hex/Ice        0%         N/A       100%        5
 Sculpt Simulacrum        Ice/Alch       0%         N/A       100%        6


Dungeon Overview and Level Annotations

Branches:
Dungeon (10/15)            Temple (1/1) D:5
   Lair: D:8-11         Orc: D:9-12

Altars:
Ashenzari
Cheibriados
Dithmenos
Elyvilon
Fedhas
Gozag
Hepliaklqana
Kikubaaqudgha
Makhleb
Nemelex Xobeh
Okawaru
Qazlal
Sif Muna
Trog
Wu Jian
Xom
Yredelemnul
Zin
The Shining One

Shops:
D:3 ?   D:4 =

Annotations:
D:3 exclusion: downstairs
D:7 ! gargouille
D:10 Grum, Maurice


Innate Abilities, Weirdness & Mutations

You are small and have problems with some larger weapons.
You are completely attuned to the shadows.


Message History

Fire: a) +0 shortbow (drain)
Press: ? - help, Q - select action, (/) - cycle Shift-Dir - straight line You shoot an arrow.
Something hits you.
* * * LOW HITPOINT WARNING * * *
Fire: a) +0 shortbow (drain)
Press: ? - help, Q - select action, (/) - cycle Shift-Dir - straight line You shoot an arrow.
You hear a roar!
Something hits you!
* * * LOW HITPOINT WARNING * * *
Fire: a) +0 shortbow (drain)
Press: ? - help, Q - select action, (/) - cycle Shift-Dir - straight line You shoot an arrow.
Something hits you.
* * * LOW HITPOINT WARNING * * *
Fire: a) +0 shortbow (drain)
Press: ? - help, Q - select action, (/) - cycle Shift-Dir - straight line You shoot an arrow.
Something hits you!
* * * LOW HITPOINT WARNING * * *
An acid dragon comes into view.
The acid dragon roars!
Fire: a) +0 shortbow (drain)
Press: ? - help, Q - select action, (/) - cycle Shift-Dir - straight line You shoot an arrow.
The arrow hits the acid dragon!
The acid dragon is heavily wounded.
Something closely misses you.
A vampire mosquito comes into view.
The acid dragon spits acid at you. The splash of acid hits you!!
* * * LOW HITPOINT WARNING * * *
Fire: a) +0 shortbow (drain)
Press: ? - help, Q - select action, (/) - cycle Shift-Dir - straight line, f - acid dragon
Aim: an acid dragon (heavily wounded, 74% to hit)
You shoot an arrow. The arrow hits the acid dragon!
You drain the acid dragon.
The acid dragon is almost dead.
Something hits you.
You die...
Fedhas appreciates your contribution to the ecosystem.

#...........#..##.... ..
#...........#..##..#.
#...#...........#...#..##
#...#'#######...#......#.
#.8........ #...#........
#......8... #...#........
+......... #...#........
#......D#####...#(.......
.........@.......#...#...#
..8......#.......# .#....
.......8.#.......# .....#
######...#...##### .....#
+..y#...# ...#.. #...#
...... ...... ......
......


You could see an acid dragon (drained) and a vampire mosquito.

Vanquished Creatures
  2 two-headed ogres
  Pikel (D:5)
  A gargoyle (D:7)
  An unseen horror (D:10)
  A troll (D:9)
  Grinder (D:5)
  Sigmund (D:2)
  A wraith (D:9)
  A wyvern (D:8)
  9 yaks (D:9)
  2 steam dragons
  An acid dragon (D:9)
  Edmund (D:5)
  2 water moccasins
  3 orc warriors (D:8)
  3 sky beasts
  An ice beast (D:4)
  5 ogres
  2 centaurs
  2 wolves
  3 lemures (D:5)
  2 phantoms
  2 kobold brigands
  2 bullfrogs
  A gnoll sergeant (D:6)
  4 scorpions
  A wight (D:10)
  10 killer bees
  4 howler monkeys
  2 hounds
  6 jellies
  2 bombardier beetles (D:5)
  A gnoll bouda (D:8)
  7 orc priests
  Jessica (D:2)
  4 iguanas
  A sleepcap (D:4)
  6 orc wizards
  Robin (D:2)
  19 gnolls
  5 adders
  A shadow imp (D:8)
  3 dart slugs
  A ribbon worm (D:4)
  29 orcs
  2 bats (D:2)
  6 endoplasms
  2 giant cockroaches (D:2)
  5 goblins
  12 hobgoblins
  A quokka (D:4)
  10 ball pythons
  2 frilled lizards (D:3)
  16 kobolds
  4 rats
219 creatures vanquished.

Notes
Turn   | Place    | Note
-------+----------+-------------------------------------------
     0 | D:1      | seren the Kobold Hunter began the quest for the Orb.
     0 | D:1      | Reached XP level 1. HP: 12/12 MP: 1/1
   424 | D:1      | Reached XP level 2. HP: 18/18 MP: 2/2
   952 | D:2      | Noticed Robin
   961 | D:2      | Killed Robin
   962 | D:2      | Reached XP level 3. HP: 21/22 MP: 3/3
  1320 | D:2      | Noticed Sigmund
  1385 | D:2      | Noticed Jessica
  1387 | D:2      | Reached XP level 4. HP: 26/27 MP: 4/4
  1387 | D:2      | Killed Jessica
  1403 | D:2      | Found a faded altar of an unknown god.
  1909 | D:3      | Reached skill level 6 in Ranged Weapons
  2061 | D:3      | Found Vygg's Magic Scroll Emporium.
  2064 | D:3      | Bought a scroll of identify for 20 gold pieces
  2064 | D:3      | Bought a scroll of teleportation for 30 gold pieces
  2232 | D:4      | Noticed an ogre
  2325 | D:4      | Found an opulent altar of Gozag.
  2343 | D:3      | HP: 1/28 [gnoll/+0 flail (9)]
  2346 | D:3      | Reached XP level 5. HP: 2/32 MP: 5/5
  2676 | D:4      | Found an opulent altar of Gozag.
  2718 | D:3      | HP: 1/32 [acid (9)]
  2860 | D:4      | Found an opulent altar of Gozag.
  2866 | D:4      | Found an opulent altar of Gozag.
  2921 | D:4      | Reached XP level 6. HP: 26/37 MP: 6/6
  3122 | D:3      | Bought a scroll of identify for 20 gold pieces
  3375 | D:4      | Found Por Site's Jewellery Shop.
  3460 | D:4      | Reached skill level 1 in Armour
  3470 | D:4      | Found a glowing golden altar of the Shining One.
  3497 | D:4      | Reached skill level 7 in Ranged Weapons
  3497 | D:4      | Reached XP level 7. HP: 11/42 MP: 7/7
  3642 | D:4      | Found a burning altar of Makhleb.
  3895 | D:5      | Entered Level 5 of the Dungeon
  3903 | D:5      | Noticed Pikel
  4192 | D:5      | Reached skill level 8 in Ranged Weapons
  4192 | D:5      | Reached skill level 5 in Stealth
  4192 | D:5      | Reached XP level 8. HP: 9/48 MP: 8/8
  4410 | D:5      | Noticed Edmund
  4555 | D:4      | Reached skill level 5 in Dodging
  4942 | D:6      | Found a stormy altar of Qazlal.
  5211 | D:6      | Reached skill level 5 in Fighting
  5289 | D:5      | Found a staircase to the Ecumenical Temple.
  5297 | Temple   | Entered the Ecumenical Temple
  5301 | Temple   | Became a worshipper of Fedhas Madash
  5406 | D:6      | Reached skill level 9 in Ranged Weapons
  5537 | D:6      | Reached skill level 1 in Evocations
  5569 | D:6      | Reached skill level 1 in Short Blades
  5569 | D:6      | Reached skill level 1 in Invocations
  5569 | D:6      | Reached XP level 9. HP: 45/54 MP: 9/9
  6595 | D:7      | Noticed a gargoyle
  6948 | D:4      | Reached * piety under Fedhas
  7143 | D:5      | Killed Pikel
  7144 | D:5      | Reached skill level 10 in Ranged Weapons
  7163 | D:5      | Killed Edmund
  7164 | D:5      | Reached XP level 10. HP: 60/60 MP: 12/12
  7187 | D:5      | Identified a scroll of acquirement
  7188 | D:5      | Acquired a manual of Fighting
  7191 | D:5      | Noticed Grinder
  7211 | D:5      | Paralysed by Grinder for 5 turns
  7304 | D:3      | Bought a scroll of blinking for 75 gold pieces
  7672 | D:8      | Noticed a two-headed ogre
  7679 | D:8      | Killed a two-headed ogre
  8321 | D:8      | Identified the +5 dagger "Suoggeco" {chaos, rN++ rCorr}
  8473 | D:8      | Reached ** piety under Fedhas
  8723 | D:9      | Reached skill level 5 in Evocations
  8852 | D:9      | Reached *** piety under Fedhas
  8864 | D:9      | Reached skill level 11 in Ranged Weapons
  8932 | D:9      | Reached XP level 11. HP: 71/71 MP: 14/14
  8952 | D:8      | Reached skill level 5 in Invocations
  9001 | D:9      | Noticed a two-headed ogre
  9039 | D:9      | Identified the flux talisman of the Disbelieving Gods
                  | {rF++}
  9071 | D:9      | Reached skill level 5 in Short Blades
  9209 | D:9      | Found a sparkling altar of Nemelex Xobeh.
  9343 | D:9      | Reached skill level 10 in Fighting
  9431 | D:9      | Found a shadowy altar of Dithmenos.
  9861 | D:10     | Entered Level 10 of the Dungeon
  9908 | D:10     | Found an iron altar of Okawaru.
  9995 | D:10     | Noticed Grum
  9998 | D:10     | Noticed Maurice
 10181 | D:2      | Killed Sigmund
 10396 | D:5      | Killed Grinder
 10782 | D:9      | Killed a two-headed ogre
 11041 | D:10     | HP: 1/73 [acid dragon/splash of acid (28)]
 11042 | D:10     | Slain by an unseen horror

Illustrated notes

Levels and vault maps discovered:
D:1:      dpeg_arrival_tiny_d, layout_loops_ring
D:2:      layout_loops_ring, dreamdust_ecumenical_altar_grove, uniq_robin,
          uniq_sigmund, uniq_jessica
D:3:      layout_basic, serial_shops, nicolae_shop_window_shopping
D:4:      layout_loops_cross, grunt_temple_overflow_open,
          nicolae_gozag_conspicuous_consumption, serial_shops, shop
D:5:      layout_rooms, minmay_temple_entry_from_below_a, uniq_grinder,
          uniq_pikel, uniq_edmund
D:6:      layout_cave_pods, grunt_qazlal_sundering, kennysheep_decorative_pillar
D:7:      layout_basic
D:8:      layout_gridville, special_room [special_room_orc]
D:9:      layout_roguey, kennysheep_little_box, nicolae_overflow_hidden_temple,
          mainiacjoe_overflow_24_doors
D:10:     kennysheep_blocky_room, layout_cave_pools,
          eat_drink_and_be_merry_uskayaw, mainiacjoe_overflow_cross_hatched,
          uniq_grum, uniq_maurice
Temple:   nicolae_temple_x_marks_the_god

Skill      XL: |  1  2  3  4  5  6  7  8  9 10 11 |
---------------+----------------------------------+-----
Stealth        | 2 3 4 5 6 |  6.0
Dodging        | 3 4 5 6 8 9 |  9.0
Fighting       | 3 4 5 6 9 10 | 10.7
Ranged Weapons | 6 7 8 9 10 11 | 11.7
Armour         | 1 2 3 4 |  4.5
Evocations     | 1 3 5 |  5.9
Short Blades   | 1 3 4 6 |  6.0
Invocations    | 1 3 4 5 |  5.8

Action                     |  1- 3 |  4- 6 |  7- 9 | 10-12 || total
---------------------------+-------+-------+-------+-------++-------
  Melee: Dagger            |       |       |       |    30 ||    30
         Punch             |       |       |       |     2 ||     2
   Fire: Shortbow          |    72 |   136 |   327 |   459 ||   994
  Evoke: Wand              |       |       |       |     2 ||     2
    Use: Scroll            |       |     4 |     7 |     3 ||    14
         Potion            |       |     4 |     4 |     1 ||     9
 Armour: Leather armour    |    14 |    59 |    81 |   168 ||   322
         Skin              |       |     3 |     6 |       ||     9
  Dodge: Dodged            |    15 |    98 |   180 |   371 ||   664

Table legend: (Time is in decaauts)
 A = Elapsed time spent in this place.
 B = Non-inter-level travel time spent in this place.
 C = Inter-level travel time spent in this place.
 D = Time resting spent in this place.
 E = Time spent auto-exploring this place.
 F = Levels seen in this place.
 G = Mean time per level.
                   A        B        C        D        E       F      G
               +--------+--------+--------+--------+--------+-----+--------+
         Total |  11064 |   9971 |   1093 |   1194 |   4547 |  11 | 1005.8 |
       Dungeon |  11046 |   9953 |   1093 |   1194 |   4547 |  10 | 1104.6 |
        Temple |     18 |     18 |      0 |      0 |      0 |   1 |   18.0 |
               +--------+--------+--------+--------+--------+-----+--------+

Top non-repeatable levels by time:
     D:4: 1869 daAuts
     D:6: 1406 daAuts
     D:9: 1268 daAuts
     D:3: 1203 daAuts
     D:8: 1164 daAuts
     D:5: 1047 daAuts
     D:7: 1021 daAuts
     D:2: 911 daAuts
     D:1: 842 daAuts
    D:10: 311 daAuts
  Temple: 18 daAuts
